 Dungeon Crawl Stone Soup version 0.29-a0-82-g837932c90e (webtiles) character file.

Game seed: 11261394165172742842

31 Mimshu the Grave Robber (level 3, -2/21 HPs)
             Began as an Octopode Necromancer on Feb 4, 2022.
             Killed from afar by an orc wizard (9 damage)
             ... with a magic dart
             ... on level 2 of the Dungeon.
             The game lasted 00:04:10 (1303 turns).

Mimshu the Grave Robber (Octopode Necromancer)      Turns: 1303, Time: 00:04:10

Health: -2/21      AC:  1    Str:  7    XL:     3   Next: 22%
Magic:  3/6        EV: 13    Int: 19    God:
Gold:   27         SH:  0    Dex: 12    Spells: 5/7 levels left

rFire   . . .      SeeInvis .   a - +0 whip
rCold   . . .      Faith    .   (no shield)
rNeg    . . .      Spirit   .   (helmet restricted)
rPois   .          Reflect  .   (no amulet)
rElec   .          Harm     .   (no ring)
rCorr   .          Rampage  .   (no ring)
Will    .....                   (no ring)
Stlth   +++.......              (no ring)
HPRegen 0.07/turn               (no ring)
MPRegen 0.10/turn               (no ring)
                                (no ring)
                                (no ring)

@: no status effects
A: almost no armour, amphibious, 8 rings, camouflage 1, gelatinous body 1,
(nimble swimmer 1), tentacles
a: no special abilities


You were on level 2 of the Dungeon.
You visited 1 branch of the dungeon, and saw 2 of its levels.

You collected 27 gold pieces.

Inventory:

Hand Weapons
 a - a +0 whip (weapon)
 c - a +0 dagger
Missiles
 g - 27 stones
Scrolls
 d - a scroll of vulnerability {unknown}
 e - a scroll of teleportation {unknown}
 f - a scroll of fear {unknown}
Potions
 b - a potion of degeneration {unknown}


   Skills:
 + Level 0.1 Maces & Flails
 + Level 2.1 Dodging
 + Level 2.9 Stealth
 + Level 2.5 Spellcasting
 + Level 4.5 Necromancy


You had 5 spell levels left.
You knew the following spells:

 Your Spells              Type           Power      Damage    Failure   Level
a - Pain                  Necr           76%        1d7       2%          1
b - Animate Skeleton      Necr           38%        N/A       2%          1

Your spell library contained the following spells:

 Spells                   Type           Power      Damage    Failure   Level
 Vampiric Draining        Necr           19%        2d7       8%          3
 Animate Dead             Necr           9%         N/A       26%         4
 Agony                    Necr           19%        N/A       56%         5


Dungeon Overview and Level Annotations

Branches:
Dungeon (2/15)

Altars:


Innate Abilities, Weirdness & Mutations

You cannot wear most types of armour.
You are amphibious.
You can wear up to eight rings at the same time.
Your skin changes colour to match your surroundings (Stealth+).
Your rubbery body absorbs attacks. (AC +1, EV +1)
((You are camouflaged when in or above water. (Stealth+)))
You have tentacles for arms and can constrict up to eight enemies at once.


Message History

You kill the orc!
You hit the orc. You grab the orc. You squeeze the orc.
The orc is severely wounded.
You constrict the orc.
The orc hits you with a +1 vorpal falchion!
You hit the orc.
You kill the orc!
Casting: Pain (safe; 2% risk of failure)
Confirm with . or Enter, or press ? or * to list all spells.
You attempt to give life to the dead...
Before your eyes, flesh is ripped from the corpse!
The dead are walking!
The orc barely misses you.
The orc hits your orc skeleton with a +0 hand axe.
The orc wizard gestures wildly while chanting.
The orc wizard flickers and vanishes!
Deactivating autopickup; reactivate with Ctrl-A.
You hit the orc but do no damage. You grab the orc.
You tentacle-slap the orc, but do no damage.
You constrict the orc. The orc hits you with a +0 hand axe.
The orc hits your orc skeleton but does no damage.
Something hits your orc skeleton.
You hit the orc.
The orc is moderately wounded.
You constrict the orc.
Your orc skeleton hits the orc with a +1 vorpal falchion.
The orc dies!
Your orc skeleton closely misses something.
Something barely misses you.
Your orc skeleton closely misses something.
You hear some strange, mumbled words.
Something tries to affect you, but you resist.
Casting: Animate Skeleton (safe; 2% risk of failure)
Confirm with . or Enter, or press ? or * to list all spells.
You attempt to give life to the dead...
Before your eyes, flesh is ripped from the corpse!
The dead are walking!
You hear some strange, mumbled words.
A magic dart appears from out of thin air!
The magic dart hits you!
You die...

#. #. .#
#. ..#o
.#o o.
#.
#.######
#Z{@Z..#
######.#
####.#
#....#
#.####
####.#
#<...#
######


You could see 2 friendly orc skeletons.

Vanquished Creatures
  2 orcs (D:2)
  3 endoplasms (D:1)
  A giant cockroach (D:1)
  2 goblins (D:1)
  4 hobgoblins (D:1)
  2 kobolds (D:1)
  A quokka (D:1)
  2 ball pythons (D:1)
  A bat (D:1)
  2 frilled lizards (D:1)
  5 rats (D:1)
25 creatures vanquished.

Vanquished Creatures (collateral kills)
  An orc (D:2)
1 creature vanquished.

Grand Total: 26 creatures vanquished

Notes
Turn   | Place    | Note
-------+----------+-------------------------------------------
     0 | D:1      | Mimshu the Octopode Necromancer began the quest for the
                  | Orb.
     0 | D:1      | Reached XP level 1. HP: 11/11 MP: 3/3
     2 | D:1      | Learned a level 1 spell: Animate Skeleton
   580 | D:1      | Reached XP level 2. HP: 16/17 MP: 0/5
  1170 | D:1      | Reached XP level 3. HP: 19/21 MP: 3/6
  1205 | D:1      | Found a faded altar of an unknown god.
  1303 | D:2      | Killed from afar by an orc wizard

Illustrated notes

Levels and vault maps discovered:
D:1:      saegor_arrival_simple_b, layout_rooms,
          shapermc_ecumenical_altar_notcrosses
D:2:      layout_basic, bh_walls_and_bars

Action                   || total
-------------------------++-------
Melee: Whip              ||    20
       Constrict         ||     6
       Tentacles         ||     3
       Punch             ||     1
 Cast: Pain              ||    26
       Animate Skeleton  ||     5
Armor: Skin              ||     2
Dodge: Dodged            ||    14

Table legend: (Time is in decaauts)
 A = Elapsed time spent in this place.
 B = Non-inter-level travel time spent in this place.
 C = Inter-level travel time spent in this place.
 D = Time resting spent in this place.
 E = Time spent auto-exploring this place.
 F = Levels seen in this place.
 G = Mean time per level.
                   A        B        C        D        E       F      G
               +--------+--------+--------+--------+--------+-----+--------+
         Total |   1304 |   1304 |      0 |    635 |    337 |   2 |  652.0 |
       Dungeon |   1304 |   1304 |      0 |    635 |    337 |   2 |  652.0 |
               +--------+--------+--------+--------+--------+-----+--------+

Top non-repeatable levels by time:
     D:1: 1274 daAuts
     D:2: 29 daAuts
